 Dungeon Crawl Stone Soup version 0.25.1-2-g60ff931df9 (webtiles) character file.

Game seed: 3569140052820584084

102 funkygono the Conjurer (level 4, -5/31 HPs)
             Began as a Demonspawn Conjurer on Sept 28, 2020.
             Killed by divine providence
             ... invoked by an orc priest
              (12 damage)
             ... on level 2 of the Dungeon.
             The game lasted 00:04:43 (2992 turns).

funkygono the Conjurer (Demonspawn Conjurer)        Turns: 2992, Time: 00:04:44

Health: -5/31      AC:  2    Str:  8    XL:     4   Next: 50%
Magic:  2/8        EV: 12    Int: 17    God:
Gold:   72         SH:  0    Dex: 14    Spells: 5/8 levels left

rFire    . . .     SeeInvis +   d - +1 whip (pain)
rCold    . . .     Gourm    .   (no shield)
rNeg     + . .     Faith    .   a - +0 robe
rPois    .         Spirit   .   (helmet restricted)
rElec    .         Reflect  .   k - scarf {+Inv}
rCorr    .         Harm     .   (no gloves)
MR       .....                  (no boots)
Stlth    ++........             (no amulet)
HPRegen  0.10/turn              i - ring of positive energy
MPRegen  0.11/turn              m - ring of see invisible

@: no status effects
A: antennae 1
a: Evoke Invisibility


You were on level 2 of the Dungeon.
You were not hungry.

You visited 1 branch of the dungeon, and saw 2 of its levels.

You collected 72 gold pieces.

Inventory:

Hand Weapons
 d - a +1 whip of pain (weapon)
Armour
 a - a +0 robe (worn)
 k - a scarf of invisibility (worn)
Jewellery
 i - a ring of positive energy (left hand)
 j - an uncursed ring of stealth
 l - an uncursed ring of protection from fire
 m - a ring of see invisible (right hand)
Scrolls
 b - a scroll of teleportation
 e - a scroll of magic mapping {unknown}
 f - a scroll of identify
Potions
 g - 3 potions of curing
 h - a potion of haste {unknown}
 n - 2 potions of cancellation {unknown}
Comestibles
 c - 5 rations
 o - 4 chunks of flesh


   Skills:
 + Level 0.6 Fighting
 + Level 0.4 Maces & Flails
 + Level 1.9 Dodging
 + Level 2.1 Stealth
 + Level 2.9 Spellcasting
 + Level 5.0 Conjurations


You had 5 spell levels left.
You knew the following spells:

 Your Spells              Type           Power        Failure   Level  Hunger
a - Magic Dart            Conj           ###.         2%          1    None
b - Searing Ray           Conj           ###...       3%          2    ##.....

Your spell library contained the following spells:

 Spells                   Type           Power        Failure   Level  Hunger
 Dazzling Flash           Conj/Hex       ##....       19%         3    ###....
 Fulminant Prism          Conj/Hex       ##........   52%         4    ####...
 Iskenderun's Mystic Bla  Conj/Tloc      ##......     52%         4    ####...


Dungeon Overview and Level Annotations

Branches:
Dungeon (2/15)

Altars:


Innate Abilities, Weirdness & Mutations

You have a pair of small antennae on your head.


Message History

An orc priest comes into view. It is wielding a +0 hand axe.
The orc priest shouts!
The orc priest begins to cast a cantrip, but forgets the words!
The orc priest begins to cast a cantrip, but forgets the words!
An orc comes into view.
The orc priest miscasts a cantrip.
The orc priest mumbles some strange prayers to Beogh against you.
Beogh smites you!
Ouch! That really hurt!
You hit the orc priest.
The orc priest is heavily wounded.
The orc priest misses you.
The orc priest hits you with a +0 hand axe!
* * * LOW HITPOINT WARNING * * *
The orc priest closely misses you.
You hit the orc priest.
The orc priest is severely wounded.
The orc priest calls down the wrath of Beogh upon you.
Beogh smites you!
You die...

##.##.#
#..รท......)....
#.##.####............#
#......###..........##
###.##.# #.....#...##
#....#####.#######
###.o.o).#.#
#o####..... #o# ###
#@# #.# #.# #.. ##. ##


You could see 2 orc priests and an orc.

Vanquished Creatures
  5 adders
  3 worms (D:2)
  2 leopard geckos (D:1)
  2 orcs (D:2)
  3 giant cockroaches
  4 goblins
  6 hobgoblins
  7 kobolds
  A quokka (D:2)
  4 bats
  2 frilled lizards (D:2)
  7 rats
46 creatures vanquished.

Notes
Turn   | Place    | Note
-------+----------+-------------------------------------------
     0 | D:1      | funkygono the Demonspawn Conjurer began the quest for the
                  | Orb.
     0 | D:1      | Reached XP level 1. HP: 13/13 MP: 3/3
   465 | D:1      | Gained mutation: You have a pair of small antennae on your
                  | head. [demonic ancestry]
   465 | D:1      | Reached XP level 2. HP: 14/19 MP: 3/5
  1168 | D:1      | Learned a level 2 spell: Searing Ray
  1556 | D:1      | Reached XP level 3. HP: 12/24 MP: 6/6
  2461 | D:2      | Reached XP level 4. HP: 13/31 MP: 0/8
  2823 | D:2      | Reached skill level 5 in Conjurations
  2992 | D:2      | Killed from afar by an orc priest

Illustrated notes

Levels and vault maps discovered:
D:1:      dpeg_chamrin_arrival_tetris, layout_basic, minmay_pentomino_r4
D:2:      layout_rooms, minmay_cupped

Skill      XL: |  1  2  3  4 |
---------------+-------------+-----
Stealth        | 2 |  2.1
Conjurations   | 5 |  5.0
Fighting       | |  0.6
Maces & Flails | |  0.4
Dodging        | |  1.9
Spellcasting   | |  2.9

Action                   |  1- 3 |  4- 6 || total
-------------------------+-------+-------++-------
Melee: Unarmed           |     6 |       ||     6
       Club              |     6 |       ||     6
       Whip              |    35 |     2 ||    37
 Cast: Magic Dart        |    58 |    23 ||    81
       Searing Ray       |     2 |     3 ||     5
  Use: Scroll            |     5 |       ||     5
 Stab: Sleeping          |     1 |       ||     1
  Eat: Chunk             |     5 |     2 ||     7
Armor: Robe              |     4 |       ||     4
Dodge: Dodged            |    37 |     2 ||    39
